 Dungeon Crawl Stone Soup version 0.28-a0-1518-gbe868bca14 (webtiles) character file.

Game seed: 4877901970356566922

1981 issech the Chopper (level 9, -5/72 HPs)
             Began as a Minotaur Hunter on Jan 16, 2022.
             Killed by vampiric draining
             ... invoked by a vampire
              (12 damage)
             ... on level 6 of the Dungeon.
             The game lasted 01:10:48 (7846 turns).

issech the Chopper (Minotaur Hunter)                Turns: 7846, Time: 01:10:48

Health: -5/72      AC: 20    Str: 20    XL:     9   Next: 1%
Magic:  8/8        EV: 12    Int:  8    God:
Gold:   272        SH: 11    Dex: 18    Spells: 8/8 levels left

rFire   . . .      SeeInvis .   x - +0 war axe
rCold   . . .      Faith    .   l - +0 kite shield
rNeg    . . .      Spirit   .   i - +0 chain mail
rPois   .          Reflect  .   (helmet restricted)
rElec   .          Harm     .   q - +0 cloak
rCorr   .          Rampage  .   D - +0 pair of gloves
Will    .....                   v - +2 pair of boots of Exclusion {Contam Dex+6}
Stlth   ..........              (no amulet)
HPRegen 0.22/turn               r - +4 ring of evasion
MPRegen 0.11/turn               Q - +4 ring of protection

@: no status effects
A: horns 2, retaliatory headbutt
a: no special abilities


You were on level 6 of the Dungeon.
You visited 1 branch of the dungeon, and saw 6 of its levels.

You collected 342 gold pieces.
You spent 70 gold pieces at shops.

Inventory:

Hand Weapons
 a - a +1 shortbow
 c - a +2 whip of pain
 n - a +4 quarterstaff of chaos
 o - a +2 whip of electrocution
 p - a +0 hand axe of electrocution
 x - a +0 war axe (weapon)
 I - a +1 short sword of draining
Missiles
 d - 39 arrows
 f - 246 stones (quivered)
 g - 3 silver javelins
 k - 43 bolts
 y - 2 throwing nets
 F - 20 poisoned darts
Armour
 h - a +1 leather armour of fire resistance
 i - a +0 chain mail (worn)
 l - a +0 kite shield (worn)
 q - a +0 cloak (worn)
 v - the +2 pair of boots of Exclusion (worn) {Contam Dex+6}
   (You acquired it on level 2 of the Dungeon)

   Dex:       It affects your dexterity (+6).
   Contam:    It causes magical contamination when unequipped.
 A - a +0 leather armour
 D - a +0 pair of gloves (worn)
 M - a +0 robe
 P - a +1 scale mail of cold resistance
 V - a +0 ring mail
 X - a +0 leather armour
Magical Staves
 Z - a staff of fire
Jewellery
 b - a ring of ice
 r - a +4 ring of evasion (left hand)
 Q - a +4 ring of protection (right hand)
 S - a ring of willpower
 U - a +6 ring of dexterity
Wands
 e - a wand of flame (8)
 s - a wand of mindburst (9)
Scrolls
 j - a scroll of teleportation {unknown}
 B - a scroll of brand weapon {unknown}
 G - a scroll of fog {unknown}
 H - 4 scrolls of identify {unknown}
 N - a scroll of noise {unknown}
 R - 2 scrolls of fear {unknown}
Potions
 m - 2 potions of brilliance {unknown}
 C - 2 potions of haste {unknown}
 K - a potion of mutation {unknown}
 O - a potion of attraction {unknown}
 T - 3 potions of flight {unknown}
 Y - 2 potions of invisibility {unknown}


   Skills:
 + Level 4.5 Fighting
 + Level 7.2(7.3) Axes
 + Level 2.0(5.0) Maces & Flails
 + Level 5.6 Bows
 + Level 1.7 Throwing
 + Level 6.4 Armour
 + Level 3.3 Dodging
 + Level 1.3 Stealth
 + Level 6.6 Shields


You had 8 spell levels left.
You didn't know any spells.
Your spell library contained the following spells:

 Spells                   Type           Power      Damage    Failure   Level
 Sting                    Tmut/Pois      0%         1d3       100%        1
 Ensorcelled Hibernation  Hex/Ice        0%         N/A       100%        2
 Passwall                 Tmut/Erth      0%         N/A       100%        2
 Poisonous Vapours        Pois/Air       0%         N/A       100%        2
 Swiftness                Air            0%         N/A       100%        3
 Olgreb's Toxic Radiance  Pois           0%         N/A       100%        4


Dungeon Overview and Level Annotations

Branches:
Dungeon (6/15)             Temple (0/1) D:5

Altars:
Gozag
Trog
Zin

Shops:
D:1 *   D:4 *!


Innate Abilities, Weirdness & Mutations

You have a pair of horns on your head.
You reflexively headbutt those who attack you in melee.


Message History

Something draws strength from your injuries!
You slash something! Your headbutt misses something.
You hear some strange, mumbled words.
You are confused.
Something hits you. Something barely misses you.
You bump into the rock wall.
Something barely misses you. Something bites you but does no damage.
Something draws life force from you!
You're too confused to move!
Something draws life force from you!
* * * LOW HITPOINT WARNING * * *
Something hits you.
* * * LOW HITPOINT WARNING * * *
Something bites you but does no damage.
You feel less confused. You block something's attack.
Something bites you but does no damage.
You slash something! Something hits you.
* * * LOW HITPOINT WARNING * * *
Something bites you.
* * * LOW HITPOINT WARNING * * *
Something draws strength from your injuries!
You feel much better. Something hits you but does no damage.
You block something's attack.
You slash something! Your headbutt misses something.
Something hits you but does no damage. Something bites you but does no damage.
You closely miss something. Something draws life force from you!
* * * LOW HITPOINT WARNING * * *
You hit something but do no damage. Something hits you but does no damage.
You block something's attack. Something hits you but does no damage.
Something bites you but does no damage.
You closely miss something. You headbutt something.
Something hits you but does no damage. You block something's attack.
You closely miss something. Something hits you but does no damage.
Something bites you but does no damage.
You hit something. Something hits you.
* * * LOW HITPOINT WARNING * * *
Something bites you but does no damage. Something hits you but does no damage.
Something bites you but does no damage. Something hits you but does no damage.
Something bites you but does no damage.
You closely miss something. Something draws life force from you!
You die...

..........# ..........#
....# ..........# #....#
..........# .....#
..........# ....#
..........# ....
..........# ..#
..........#########.######
#########.......@{........
...#....#.................
...#....#.................
...#....#.................
...#....#.....<.....>.....
...#....#.................
...#....'.................
...#....#.................
..##.##'#.................


There were no monsters in sight!

Vanquished Creatures
  A wyvern (D:5)
  Eustachio (D:4)
  3 water moccasins
  4 black bears (D:5)
  A necrophage (D:5)
  An ogre (D:5)
  A phantom (D:5)
  2 scorpions
  A water moccasin zombie (D:5)
  2 centaur zombies
  2 orc priests (D:5)
  A jelly (D:4)
  Crazy Yiuf (D:2)
  A centaur skeleton (D:5)
  Terence (D:2)
  3 hounds
  An iguana (D:4)
  Ijyb (D:4)
  A hound skeleton (D:4)
  A mummy (D:5)
  A howler monkey skeleton (D:5)
  4 adders
  6 gnolls (D:5)
  A shadow imp (D:4)
  An ufetubus (D:4)
  2 worms
  3 dart slugs
  3 orcs (D:5)
  3 ball pythons (D:2)
  5 bats
  7 endoplasms
  5 giant cockroaches
  8 goblins
  10 hobgoblins
  3 jackals (D:4)
  10 kobolds
  4 quokkas
  6 frilled lizards
  4 rats (D:1)
  A spectral goblin (D:1)
  2 bushes (D:2)
119 creatures vanquished.

Vanquished Creatures (others)
  A fungus (D:2)
1 creature vanquished.

Grand Total: 120 creatures vanquished

Notes
Turn   | Place    | Note
-------+----------+-------------------------------------------
     0 | D:1      | issech the Minotaur Hunter began the quest for the Orb.
     0 | D:1      | Reached XP level 1. HP: 18/18 MP: 0/0
   268 | D:1      | Reached XP level 2. HP: 25/25 MP: 1/1
   455 | D:1      | Reached skill level 5 in Bows
   704 | D:1      | Reached skill level 1 in Maces & Flails
   875 | D:1      | Found a faded altar of an unknown god.
   922 | D:1      | Reached XP level 3. HP: 30/30 MP: 2/2
   995 | D:1      | Found Toxevuar's General Store.
  1688 | D:2      | Noticed Terence
  1703 | D:2      | Killed Terence
  1704 | D:2      | Reached XP level 4. HP: 15/37 MP: 3/3
  2072 | D:2      | Found a runed translucent door.
  2073 | D:2      | Noticed Crazy Yiuf
  2087 | D:2      | Identified a scroll of acquirement
  2087 | D:2      | Acquired the +2 pair of boots of Exclusion {Contam Dex+6}
  2228 | D:2      | Reached skill level 1 in Armour
  3381 | D:3      | Reached skill level 1 in Shields
  4399 | D:4      | Noticed a scorpion
  4423 | D:3      | Killed a scorpion
  4424 | D:3      | Reached skill level 1 in Axes
  4424 | D:3      | Reached XP level 5. HP: 44/44 MP: 4/4
  4542 | D:4      | Noticed a water moccasin
  4552 | D:4      | Killed a water moccasin
  4553 | D:4      | Reached skill level 2 in Axes
  4553 | D:4      | Reached XP level 6. HP: 51/51 MP: 5/5
  4631 | D:4      | Found Zin's Purification Station.
  4644 | D:4      | Noticed Eustachio
  4670 | D:4      | Killed Eustachio
  4671 | D:4      | Reached skill level 3 in Axes
  4671 | D:4      | Reached skill level 1 in Stealth
  4672 | D:4      | Found a glowing silver altar of Zin.
  4817 | D:4      | Noticed Ijyb
  4826 | D:4      | Killed Ijyb
  4981 | D:4      | Reached skill level 1 in Throwing
  4981 | D:4      | Reached XP level 7. HP: 52/57 MP: 6/6
  5060 | D:4      | Found Reipapsa's Distillery.
  5178 | D:4      | Reached skill level 4 in Axes
  5785 | D:2      | Killed Crazy Yiuf
  6084 | D:4      | Bought a potion of heal wounds for 70 gold pieces
  6099 | D:5      | Entered Level 5 of the Dungeon
  6100 | D:5      | Found a bloodstained altar of Trog.
  6157 | D:5      | Found a sand-covered staircase.
  6185 | D:5      | Reached skill level 5 in Axes
  6185 | D:5      | Reached XP level 8. HP: 25/66 MP: 7/7
  6186 | D:5      | Reached skill level 5 in Armour
  6186 | D:5      | Reached skill level 5 in Shields
  6292 | D:5      | Found an opulent altar of Gozag.
  6635 | D:5      | Reached skill level 6 in Axes
  7146 | D:5      | Found a staircase to the Ecumenical Temple.
  7382 | D:5      | Reached skill level 7 in Axes
  7737 | D:6      | Reached XP level 9. HP: 68/72 MP: 8/8
  7836 | D:6      | HP: 3/72 [something (4)]
  7846 | D:6      | Killed from afar by a vampire

Illustrated notes

Levels and vault maps discovered:
D:1:      dpeg_arrival_morbid_curiosity, layout_basic, serial_shops,
          nicolae_square_shop, dreamdust_ecumenical_altar_drowned_temple
D:2:      layout_rooms, nicolae_underground_beach, uniq_crazy_yiuf_cottage,
          uniq_terence
D:3:      layout_rooms
D:4:      layout_basic, zin_purify, serial_shops, kennysheep_mini,
          uniq_eustachio, uniq_ijyb
D:5:      layout_basic, trog_ov_bears_minmay, amcnicky_altar_gilded,
          temple_statues, gup_ossuary_entry_pyramid, minmay_tree_intersection
D:6:      minmay_opposing_rooms, layout_gridville

Skill      XL: |  1  2  3  4  5  6  7  8 |
---------------+-------------------------+-----
Bows           | 5 |  5.6
Maces & Flails | 1 2 |  2.0
Armour         | 2 3 4 6 |  6.4
Shields        | 1 2 4 6 |  6.6
Axes           | 1 2 3 5 7 |  7.2
Fighting       | 3 4 |  4.5
Stealth        | 1 |  1.3
Throwing       | 1 |  1.7
Dodging        | 3 |  3.3

Action                   |  1- 3 |  4- 6 |  7- 9 || total
-------------------------+-------+-------+-------++-------
Melee: Mace              |    57 |       |       ||    57
       Headbutt          |    12 |    28 |    40 ||    80
       Hand axe          |    28 |   128 |   112 ||   268
       War axe           |       |       |    74 ||    74
 Fire: Shortbow          |    11 |       |       ||    11
Throw: Stone             |     1 |    23 |     8 ||    32
  Use: Scroll            |       |     2 |       ||     2
       Potion            |       |       |     1 ||     1
Armor: Leather armour    |     9 |       |       ||     9
       Chain mail        |    33 |    44 |   106 ||   183
Dodge: Dodged            |    35 |    43 |    94 ||   172
Block: Kite shield       |    17 |    51 |   128 ||   196

Table legend: (Time is in decaauts)
 A = Elapsed time spent in this place.
 B = Non-inter-level travel time spent in this place.
 C = Inter-level travel time spent in this place.
 D = Time resting spent in this place.
 E = Time spent auto-exploring this place.
 F = Levels seen in this place.
 G = Mean time per level.
                   A        B        C        D        E       F      G
               +--------+--------+--------+--------+--------+-----+--------+
         Total |   8019 |   8019 |      0 |   1552 |   1205 |   6 | 1336.5 |
       Dungeon |   8019 |   8019 |      0 |   1552 |   1205 |   6 | 1336.5 |
               +--------+--------+--------+--------+--------+-----+--------+

Top non-repeatable levels by time:
     D:2: 2288 daAuts
     D:1: 1718 daAuts
     D:5: 1631 daAuts
     D:4: 1209 daAuts
     D:3: 1018 daAuts
     D:6: 153 daAuts
